 Dungeon Crawl Stone Soup version 0.32-a0 (webtiles) character file.

Game seed: 9879814226365421631

4337 James the Carver (level 10, -10/74 HPs)
             Began as a Demonspawn Gladiator on Jan 13, 2024.
             Was a High Priest of Okawaru.
             Mangled by a two-headed ogre
             ... wielding a +0 giant spiked club
              (11 damage)
             ... on level 8 of the Dungeon.
             The game lasted 00:26:24 (7151 turns).

James the Carver (Demonspawn Gladiator)             Turns: 7151, Time: 00:26:25

Health: -10/74     AC: 11    Str: 15    XL:     10   Next: 12%
Magic:  15/15      EV: 11    Int:  9    God:    Okawaru [*****.]
Gold:   349        SH:  0    Dex: 18    Spells: 9/9 levels left

rFire   . . .        b - +4 great sword
rCold   + . .        (shield currently unavailable)
rNeg    . . .        J - +0 scale mail {Will+}
rPois   .            s - +1 helmet
rElec   .            P - +0 cloak
rCorr   .            A - +0 pair of gloves
SInv    +            (no boots)
Will    +....        y - amulet of the acrobat Stlth
                     o - ring of protection from cold
HPRegen 0.32/turn    z - ring of see invisible
MPRegen 0.28/turn

%: acrobat
@: no status effects
A: powered by death 1, magic regeneration, demonic touch 2
a: Renounce Religion, Heroism, Finesse, Duel


You were on level 8 of the Dungeon.
You worshipped Okawaru.
Okawaru was extremely pleased with you.
You visited 1 branch of the dungeon, and saw 8 of its levels.
You also visited: Ossuary.

You collected 439 gold pieces.
You spent 90 gold pieces at shops.

Inventory:

Hand Weapons
 a - a +3 falchion
   (You took it off a wight on level 7 of the Dungeon)
 b - a +4 great sword (weapon)
   (You took it off a wight on level 8 of the Dungeon)
 i - a +1 flail of draining
   (You took it off an orc priest on level 8 of the Dungeon)
 k - a +2 dire flail of venom
   (You took it off a wight on level 8 of the Dungeon)
 t - a +0 sling
   (You took it off a goblin on level 2 of the Dungeon)
 D - a +0 flail of protection
   (You took it off a gnoll on level 4 of the Dungeon)
 N - a +1 dagger of electrocution
   (You found it on level 5 of the Dungeon)
 T - a +2 hand axe of flaming
   (You took it off an orc on level 5 of the Dungeon)
 U - a +0 trident
   (You found it on level 5 of the Dungeon)
Missiles
 q - 6 atropa-tipped darts
 G - 4 throwing nets {!f}
 S - 8 poisoned darts (quivered)
 W - 4 javelins
Armour
 c - a +0 scale mail
   (You took it off a gnoll sergeant on level 8 of the Dungeon)
 p - a +0 robe
   (You took it off an orc wizard on level 5 of the Dungeon)
 s - a +1 helmet (worn)
   (You took it off Robin on level 2 of the Dungeon)
 v - a +0 robe
   (You took it off an orc wizard on level 4 of the Dungeon)
 A - a +0 pair of gloves (worn)
   (You found it on level 4 of the Dungeon)
 C - a +0 robe
   (You took it off a gnoll on level 4 of the Dungeon)
 E - an orb of wrath
   (You found it on level 6 of the Dungeon)
 J - a +0 scale mail of willpower (worn)
   (You took it off an orc on level 5 of the Dungeon)
 K - a +0 ring mail
   (You took it off an orc on level 5 of the Dungeon)
 P - a +0 cloak (worn)
   (You found it on level 6 of the Dungeon)
 Q - a +0 plate armour
   (You took it off an orc warrior on level 7 of the Dungeon)
 V - a +0 chain mail
   (You took it off an orc on level 6 of the Dungeon)
 Y - a +0 robe
   (You found it on level 6 of the Dungeon)
 Z - a +0 scale mail
   (You took it off an orc on level 6 of the Dungeon)
Jewellery
 j - a +6 ring of strength
   (You found it on level 2 of the Dungeon)
 o - a ring of protection from cold (left hand)
   (You found it on level 5 of the Dungeon)
 y - an amulet of the acrobat (around neck)
   (You took it off a goblin on level 4 of the Dungeon)
 z - a ring of see invisible (right hand)
   (You found it on level 4 of the Dungeon)
 I - a ring of magical power
   (You found it on level 2 of the Dungeon)
Wands
 d - a wand of iceblast (21)
   (You found it on level 5 of the Dungeon)
 x - a wand of mindburst (38)
   (You took it off a goblin on level 4 of the Dungeon)
Scrolls
 l - a scroll of fog
 m - 3 scrolls of teleportation {@r4}
 u - 2 scrolls of poison {!r}
Potions
 e - 3 potions of degeneration {!q}
 f - 2 potions of mutation {!q}
 h - 4 potions of haste {@q3}
 n - 2 potions of might {unknown}
 r - 2 potions of invisibility {unknown}
 w - 3 potions of brilliance
 B - 3 potions of heal wounds {@q2}
 F - a potion of attraction {unknown}
 H - a potion of berserk rage
 L - 3 potions of enlightenment
 M - 2 potions of curing {@q1}
 O - 2 potions of ambrosia
 R - 2 potions of cancellation
 X - a potion of resistance {unknown}


   Skills:
 + Level 5.4 Fighting
 * Level 10.5 Long Blades
 - Level 1.7 Throwing
 + Level 4.4 Armour
 + Level 4.4 Dodging
 + Level 6.9 Invocations


You had 9 spell levels left.
You didn't know any spells.
Your spell library contained the following spells:

 Spells                   Type           Power      Damage    Failure   Level
 Sting                    Conj/Alch      0%         1d3       83%         1
 Mercury Vapours          Alch/Air       0%         N/A       92%         2
 Frozen Ramparts          Ice            0%         1d1       99%         3
 Sigil of Binding         Hex            0%         N/A       99%         3
 Cause Fear               Hex            0%         N/A       100%        4
 Dimensional Bullseye     Hex/Tloc       0%         N/A       100%        4
 Leda's Liquefaction      Alch/Erth      0%         N/A       100%        4
 Olgreb's Toxic Radiance  Alch           0%         N/A       100%        4
 Petrify                  Alch/Erth      0%         N/A       100%        4
 Fireball                 Conj/Fire      0%         3d3       100%        5
 Metabolic Englaciation   Hex/Ice        0%         N/A       100%        5
 Call Canine Familiar     Summ           Unusable   N/A       N/A         3
 Dragon's Call            Summ           Unusable   N/A       N/A         9

Dungeon Overview and Level Annotations

Branches:
Dungeon (8/15)             Temple (0/1) D:5         Ossuary (visited)
   Lair: D:8-11

Altars:
Ashenzari
Cheibriados
Gozag
Kikubaaqudgha
Nemelex Xobeh
Okawaru
Trog
Xom

Shops:
D:6 :

Annotations:
D:7 2 transporters, seandewar5's ghost, novice VSEn


Innate Abilities, Weirdness & Mutations

You regenerate a little health from kills.
You regenerate magic rapidly.
Your touch may inflict irresistible damage on your foes.


Message History

You slice the ice beast!!
You kill the ice beast!
Okawaru accepts your kill.
c - a +0 scale mail
Things that are here:
a +0 spear; a +0 kite shield; a gnoll corpse You start resting.
An orc comes into view. It is wielding a +0 short sword.
The orc shouts!
You slash the orc!
You kill the orc!
Okawaru accepts your kill.
Things that are here:
a +0 short sword; a +0 leather armour; an orc corpse A two-headed ogre comes into view.
It is wielding two +0 giant spiked clubs.
You see here a scroll of teleportation {@r4}.
Throw: 12 darts (poison)
Press: ? - help, Q - select action, (/) - cycle Shift-Dir - straight line, f - two-headed ogre
Aim: a two-headed ogre, wielding two +0 giant spiked clubs (75% to hit)
You throw a poisoned dart.
The poisoned dart hits the two-headed ogre.
Throw: 11 darts (poison)
Press: ? - help, Q - select action, (/) - cycle Shift-Dir - straight line, f/p - two-headed ogre
Aim: a two-headed ogre, wielding two +0 giant spiked clubs (75% to hit)
You throw a poisoned dart.
The poisoned dart barely misses the two-headed ogre.
Throw: 10 darts (poison)
Press: ? - help, Q - select action, (/) - cycle Shift-Dir - straight line, f/p - two-headed ogre
Aim: a two-headed ogre, wielding two +0 giant spiked clubs (75% to hit)
You throw a poisoned dart.
The poisoned dart hits the two-headed ogre.
The two-headed ogre is poisoned.
Throw: 9 darts (poison)
Press: ? - help, Q - select action, (/) - cycle Shift-Dir - straight line, f/p - two-headed ogre
Aim: a two-headed ogre, wielding two +0 giant spiked clubs (poisoned, 75% to hit)
You throw a poisoned dart.
The poisoned dart hits the two-headed ogre.
The two-headed ogre looks even sicker.
You slash the two-headed ogre!
The two-headed ogre hits you with a +0 giant spiked club! x2
You slash the two-headed ogre! You slice the two-headed ogre!!
The two-headed ogre hits you with a +0 giant spiked club!!
* * * LOW HITPOINT WARNING * * *
The two-headed ogre closely misses you.
You slash the two-headed ogre!
The two-headed ogre hits you with a +0 giant spiked club!!
* * * LOW HITPOINT WARNING * * *
The two-headed ogre hits you with a +0 giant spiked club!
You die...

......|.......##.##......#..
.....>.#..#.......##.###.###
...................... .#
.........###.####.....
.........(#..# ......
..........(..# .....#
#.....#...#(.##......#
######O.#..# # #.).@...#
###..#.## #..)#..>
#............ ##./...#.....
......## .... ###.#.## ...
....# .. ..#..# .


You could see a two-headed ogre (poisoned).

Vanquished Creatures
  An orange demon (D:8)
  Prince Ribbit (D:7)
  Sigmund (D:6)
  Menkaure (D:5)
  2 orc warriors (D:7)
  3 ice beasts
  A black bear (D:6)
  2 sky beasts
  2 ogres
  2 centaurs
  A phantom (D:3)
  A weeping skull (Ossuary)
  3 bullfrogs
  A gnoll sergeant (D:8)
  7 water moccasin zombies (Ossuary)
  3 scorpions
  9 wights
  2 vampire bats (D:7)
  A howler monkey (D:8)
  A bombardier beetle (D:4)
  2 hounds
  A gnoll bouda (D:4)
  A jelly (D:7)
  2 spectral scorpions (Ossuary)
  5 orc priests
  9 orc wizards
  4 iguanas
  A bullfrog simulacrum (Ossuary)
  2 mummies (Ossuary)
  Robin (D:2)
  3 adders
  3 gnolls (D:4)
  3 shadow imps
  A white imp (D:5)
  2 ufetubi (D:7)
  5 adder zombies (Ossuary)
  2 dart slugs
  A ribbon worm (D:2)
  26 orcs
  10 ball pythons
  9 bats
  8 endoplasms
  3 giant cockroaches (D:1)
  9 gnoll zombies (Ossuary)
  10 goblins
  7 hobgoblins
  4 jackals
  2 quokkas
  7 frilled lizards
  A jackal zombie (Ossuary)
  9 kobolds
  6 orc zombies (Ossuary)
  10 rats
214 creatures vanquished.

Notes
Turn   | Place    | Note
-------+----------+-------------------------------------------
     0 | D:1      | James the Demonspawn Gladiator began the quest for the Orb.
     0 | D:1      | Reached XP level 1. HP: 16/16 MP: 1/1
    73 | D:1      | Reached skill level 3 in Long Blades
   193 | D:1      | Gained mutation: You regenerate a little health from kills.
                  | [demonic ancestry]
   193 | D:1      | Reached XP level 2. HP: 19/22 MP: 2/2
   277 | D:1      | Noticed a glass eye
   279 | D:1      | Found a faded altar of an unknown god.
   280 | D:1      | Noticed a shining eye
   280 | D:1      | Noticed a great orb of eyes
   280 | D:1      | Noticed an eye of devastation
   840 | D:2      | Reached XP level 3. HP: 25/27 MP: 3/3
   919 | D:2      | Reached skill level 4 in Long Blades
  1211 | D:2      | Noticed Robin
  1225 | D:2      | Killed Robin
  1369 | D:3      | Reached XP level 4. HP: 33/33 MP: 4/4
  1433 | D:3      | Found a shimmering altar of Xom.
  1442 | D:3      | Found an iron altar of Okawaru.
  1451 | D:3      | Found an ancient bone altar of Kikubaaqudgha.
  1458 | D:3      | Found a broken altar of Ashenzari.
  1474 | D:3      | Became a worshipper of Warmaster Okawaru
  1943 | D:3      | Noticed a phantom
  1974 | D:3      | Killed a phantom
  1975 | D:3      | Reached skill level 5 in Long Blades
  1975 | D:3      | Reached XP level 5. HP: 23/38 MP: 5/5
  2573 | D:5      | Entered Level 5 of the Dungeon
  2573 | D:5      | Noticed Menkaure
  2580 | D:5      | Killed Menkaure
  2580 | D:5      | Reached * piety under Okawaru
  2581 | D:5      | Reached skill level 6 in Long Blades
  2581 | D:5      | Gained mutation: Your touch may inflict minor irresistible
                  | damage on your foes. [demonic ancestry]
  2581 | D:5      | Reached XP level 6. HP: 19/44 MP: 6/6
  2648 | D:4      | Reached skill level 7 in Long Blades
  2816 | D:4      | Gained mutation: You regenerate magic rapidly. [demonic
                  | ancestry]
  2816 | D:4      | Reached XP level 7. HP: 47/50 MP: 7/7
  2972 | D:4      | Found a snail-covered altar of Cheibriados.
  3474 | D:5      | Reached skill level 1 in Invocations
  3574 | D:5      | Reached ** piety under Okawaru
  3575 | D:5      | Reached skill level 1 in Armour
  3807 | D:5      | Found an opulent altar of Gozag.
  3849 | D:5      | Found a staircase to the Ecumenical Temple.
  3852 | D:5      | Found Zin's Purification Station.
  3860 | D:5      | Bought a potion of curing for 90 gold pieces
  4382 | D:5      | Noticed a moth of wrath
  4385 | D:5      | Found a bloodstained altar of Trog.
  4477 | D:5      | Reached skill level 8 in Long Blades
  4575 | D:6      | Noticed Sigmund
  4655 | D:6      | Gained mutation: Your touch may inflict irresistible damage
                  | on your foes. [demonic ancestry]
  4655 | D:6      | Reached XP level 8. HP: 54/57 MP: 9/9
  4723 | D:6      | Killed Sigmund
  4810 | D:6      | Found Pulius's Book Emporium.
  5290 | D:6      | Found a sparkling altar of Nemelex Xobeh.
  5423 | D:7      | Noticed seandewar5's ghost (novice VSEn)
  5423 | D:7      | Noticed a troll
  5434 | D:7      | Found a transporter.
  5444 | D:7      | Reached *** piety under Okawaru
  5491 | D:7      | Reached skill level 9 in Long Blades
  5500 | D:7      | Reached XP level 9. HP: 45/65 MP: 12/12
  5585 | D:7      | Found a transporter.
  5639 | D:7      | Found a sand-covered staircase.
  5648 | Ossuary  | Entered an ossuary
  5677 | Ossuary  | Reached **** piety under Okawaru
  5692 | Ossuary  | Reached skill level 5 in Invocations
  5950 | D:7      | Reached skill level 5 in Fighting
  6110 | D:7      | Noticed Prince Ribbit
  6122 | D:7      | Killed Prince Ribbit
  6123 | D:7      | Reached skill level 10 in Long Blades
  6162 | D:7      | Reached ***** piety under Okawaru
  6617 | D:8      | Noticed an orange demon
  6646 | D:8      | Killed an orange demon
  6720 | D:7      | Received a gift from Okawaru
  6852 | D:8      | Reached XP level 10. HP: 74/74 MP: 15/15
  7143 | D:8      | Noticed a two-headed ogre
  7151 | D:8      | HP: 1/74 [two-headed ogre/+0 giant spiked club (27)]
  7151 | D:8      | Mangled by a two-headed ogre

Illustrated notes

Levels and vault maps discovered:
D:1:      wander_arrival_fairy_ring, layout_basic,
          hellmonk_ecumenical_altar_watching_god
D:2:      layout_loops_ring, uniq_robin
D:3:      layout_basic, grunt_temple_overflow_cloverleaf
D:4:      minmay_inner_zag, layout_loops_ring, lemuel_coloured_pillars_altar
D:5:      layout_cave_pods, tgw_trog, zin_purify, grunt_gozag_breadcrumbs,
          temple_fountains, uniq_menkaure
D:6:      nicolae_BIG_FREAKIN_CUBE, layout_rooms, nemelex_diamond_rough_becter,
          serial_shops, nicolae_shop_advertising_works
          [nicolae_subvault_shop_adworks], uniq_sigmund
D:7:      layout_loops_ring, chequers_ossuary_entry_cave, nzn_ghost_randoct,
          hex_large, roderic_batcave, minmay_hedge_maze,
          kennysheep_generic_room_10, uniq_prince_ribbit1
D:8:      layout_cave_pools, grunt_ministairs_10, minmay_between, uniq_amaemon

Skill      XL: |  1  2  3  4  5  6  7  8  9 |
---------------+----------------------------+-----
Long Blades    | 3 4 5 6 7 8 9 10 | 10.5
Invocations    | 2 4 6 |  6.9
Armour         | 1 3 4 |  4.4
Dodging        | 3 4 |  4.4
Fighting       | 4 5 |  5.4
Throwing       | |  1.7

Action                     |  1- 3 |  4- 6 |  7- 9 | 10-12 || total
---------------------------+-------+-------+-------+-------++-------
  Melee: Long sword        |   131 |   105 |   192 |       ||   428
         Touch             |       |     2 |    85 |     5 ||    92
         Punch             |       |       |     9 |     1 ||    10
         Falchion          |       |       |   219 |    27 ||   246
         Great sword       |       |       |       |    12 ||    12
  Throw: Javelin           |       |     4 |     4 |       ||     8
         Dart              |       |       |       |     4 ||     4
    Use: Scroll            |       |     6 |     7 |     3 ||    16
         Potion            |       |     1 |       |       ||     1
 Armour: Leather armour    |    26 |       |       |       ||    26
         Ring mail         |    55 |    55 |   107 |       ||   217
         Scale mail        |       |       |   129 |    25 ||   154
  Dodge: Dodged            |    73 |    48 |   258 |    18 ||   397

Table legend: (Time is in decaauts)
 A = Elapsed time spent in this place.
 B = Non-inter-level travel time spent in this place.
 C = Inter-level travel time spent in this place.
 D = Time resting spent in this place.
 E = Time spent auto-exploring this place.
 F = Levels seen in this place.
 G = Mean time per level.
                   A        B        C        D        E       F      G
               +--------+--------+--------+--------+--------+-----+--------+
         Total |   7156 |   6705 |    451 |    597 |   4044 |   9 |  795.1 |
       Dungeon |   6936 |   6485 |    451 |    597 |   4044 |   8 |  867.0 |
       Ossuary |    220 |    220 |      0 |      0 |      0 |   1 |  220.0 |
               +--------+--------+--------+--------+--------+-----+--------+

Top non-repeatable levels by time:
     D:5: 1192 daAuts
     D:4: 1164 daAuts
     D:7: 950 daAuts
     D:3: 895 daAuts
     D:6: 828 daAuts
     D:2: 822 daAuts
     D:1: 581 daAuts
     D:8: 500 daAuts
 Ossuary: 220 daAuts
